 Dungeon Crawl Stone Soup version 0.28.0-43-g3370ac3207 (webtiles) character file.

Game seed: 15798097039771185334

2539 smarlow the Thaumaturge (level 9, 0/55 HPs)
             Began as a Djinni Conjurer on Mar 7, 2022.
             Shot with a sling bullet by Joseph (13 damage)
             ... on level 7 of the Dungeon.
             The game lasted 00:14:19 (9099 turns).

smarlow the Thaumaturge (Djinni Conjurer)           Turns: 9099, Time: 00:14:19

Health: 0/55       AC:  4    Str:  6    XL:     9   Next: 85%
Gold:   326        EV: 12    Int: 24    God:
                   SH:  0    Dex: 12

rFire   + + .      SeeInvis .   (no weapon)
rCold   x . .      Faith    .   (no shield)
rNeg    + . .      Spirit   .   o - +1 robe {rN+}
rPois   ∞          Reflect  .   (no helmet)
rElec   .          Harm     .   (no cloak)
rCorr   .          Rampage  .   q - +0 pair of gloves
Will    .....                   (boots unavailable)
Stlth   ++........              (no amulet)
HPRegen 0.18/turn               (no ring)
MPRegen 0.00/turn               (no ring)

@: flying
A: sickness immunity, fire resistance 2, cold vulnerability 1, float, innate
caster, HP casting, extra vitality 1
a: no special abilities


You were on level 7 of the Dungeon.
You visited 2 branches of the dungeon, and saw 8 of its levels.

You collected 326 gold pieces.

Inventory:

Armour
 a - a +0 robe
 b - a +0 helmet
 o - a +1 robe of positive energy (worn)
 q - a +0 pair of gloves (worn)
Jewellery
 h - a ring of protection from cold
Scrolls
 c - a scroll of noise {unknown}
 d - 2 scrolls of identify {unknown}
 e - 2 scrolls of blinking {unknown}
 g - 3 scrolls of amnesia {unknown}
 l - a scroll of vulnerability {unknown}
 s - a scroll of brand weapon {unknown}
 t - a scroll of fog {unknown}
Potions
 f - a potion of magic {unknown}
 i - 2 potions of degeneration {unknown}
 j - 2 potions of flight {unknown}
 k - 2 potions of curing {unknown}
 m - a potion of ambrosia {unknown}
 n - a potion of lignification {unknown}
 p - 2 potions of resistance {unknown}
 r - a potion of might {unknown}
 u - 2 potions of heal wounds {unknown}
 v - a potion of cancellation {unknown}


   Skills:
 - Level 2.1 Dodging
 - Level 1.5 Stealth
 + Level 10.3 Spellcasting


You had 5 spell levels left.
You knew the following spells:

 Your Spells              Type           Power      Damage    Failure   Level
a - Magic Dart            Conj           100%       1d8       1%          1
b - Searing Ray           Conj           100%       2d8       1%          2
c - Dazzling Flash        Conj/Hex       100%       N/A       1%          3
d - Fulminant Prism       Conj/Hex       29%        3d14      1%          4
e - Iskenderun's Mystic   Conj/Tloc      58%        2d12      1%          4
f - Shock                 Conj/Air       100%       1d9       1%          1
g - Wereblood             Tmut           58%        N/A       1%          2
h - Portal Projectile     Hex/Tloc       100%       N/A       1%          3
i - Call Canine Familiar  Summ           58%        N/A       1%          3
Your spell library was empty.

Dungeon Overview and Level Annotations

Branches:
Dungeon (7/15)             Temple (1/1) D:6

Altars:
Ashenzari
Cheibriados
Dithmenos
Fedhas
Kikubaaqudgha
Nemelex Xobeh
Okawaru
Qazlal
Ru
Sif Muna
Trog
Uskayaw
Vehumet
Wu Jian
Xom
Yredelemnul
Zin
The Shining One

Annotations:
D:7 Joseph


Innate Abilities, Weirdness & Mutations

You are immune to sickness and miasma.
You are immune to poison.
Your flesh is very heat resistant. (rF++)
You are vulnerable to cold. (rC-)
You float through the air rather than walking.
You learn spells naturally, not from books.
Your magical power is your life essence.
You have superior vitality. (+4 MHP)


Message History

The mystic blast hits the centaur zombie!
You destroy the centaur zombie!
You now have 326 gold pieces (gained 13).
Items here: )) [ †.
You see here a scorpion corpse.
Things that are here:
a +0 dagger; a +0 robe
Found a stone staircase leading up.
Joseph, a Mercenary comes into view.
He is wielding a +1 vorpal quarterstaff.
The magic dart hits Joseph but does no damage.
Joseph unwields a +1 vorpal quarterstaff.
Joseph wields a +0 hunting sling.
Joseph shoots a sling bullet.
The sling bullet hits you!!
Casting: Magic Dart (safe; 1% risk of failure)
Confirm with . or Enter, or press ? or * to list all spells.
Aiming: Searing Ray (safe; 1% risk of failure)
Press: ? - help, Shift-Dir - straight line, f/p - Joseph
Aim: Joseph, wielding a +0 hunting sling, wearing a +0 ring mail and quivering sling bullets (85% to hit)
Okay, then.
Casting: Searing Ray (safe; 1% risk of failure)
Confirm with . or Enter, or press ? or * to list all spells.
Aiming: Fulminant Prism (dangerous; 1% risk of failure)
Press: ? - help, Dir - move target, p - Joseph You conjure a prism of explosive energy!
A fulminant prism comes into view.
Joseph shoots a sling bullet.
The sling bullet misses you.
Your fulminant prism crackles loudly.
Your fulminant prism explodes!
The blast of energy engulfs Joseph!!
Joseph is heavily wounded.
Casting: Fulminant Prism (dangerous; 1% risk of failure)
Confirm with . or Enter, or press ? or * to list all spells.
Aiming: Fulminant Prism (dangerous; 1% risk of failure)
Press: ? - help, Dir - move target You conjure a prism of explosive energy!
A fulminant prism comes into view.
Joseph shoots a sling bullet.
The sling bullet hits you!
* * * LOW HITPOINT WARNING * * *
Joseph shoots a sling bullet.
The sling bullet hits you!
You die...

.≈.# ## .≈.# .# .≈.#
#.###.# .### ...# ...#..
... ... ######....### .!#
..###........... ..#####
#.)...........######.......
)†........................#
###.####.#......@...*....<.
##..####................#..
#..#.....##.......###@..#
..#..##.###.###.....#...#
.##.###.....# ####......#
.##.# #.##### ###...# .#..#
### ..# ...## . ####


You could see Joseph (ally target) and a friendly fulminant prism.

Vanquished Creatures
  Grinder (D:3)
  Sigmund (D:4)
  A water moccasin (D:4)
  Duvessa (D:4)
  An orc warrior (D:7)
  2 sky beasts
  A black bear (D:5)
  4 ogres
  2 necrophages (D:5)
  A bullfrog (D:7)
  Blork the orc (D:4)
  A scorpion (D:7)
  Dowan (D:4)
  2 howler monkeys
  A centaur zombie (D:7)
  A jelly (D:7)
  A bullfrog zombie (D:5)
  3 hounds
  2 gnoll shamans (D:6)
  3 centaur skeletons
  3 orc wizards
  An iguana (D:5)
  2 killer bee zombies
  Robin (D:4)
  7 gnolls (D:6)
  12 adders
  A white imp (D:7)
  2 ufetubi (D:5)
  2 adder skeletons (D:4)
  2 worms
  6 dart slugs
  20 orcs
  3 ball pythons
  7 endoplasms
  4 giant cockroaches (D:1)
  17 goblins
  8 hobgoblins
  8 kobolds
  A quokka (D:3)
  14 bats
  4 frilled lizards
  5 rats
161 creatures vanquished.

Vanquished Creatures (others)
  6 fulminant prisms
6 creatures vanquished.

Grand Total: 167 creatures vanquished

Notes
Turn   | Place    | Note
-------+----------+-------------------------------------------
     0 | D:1      | smarlow the Djinni Conjurer began the quest for the Orb.
     0 | D:1      | Reached XP level 1. HP: 15/15 MP: 0/0
   188 | D:1      | Reached XP level 2. HP: 13/21 MP: 0/0
   637 | D:1      | Reached XP level 3. HP: 24/25 MP: 0/0
   637 | D:1      | Learned a level 1 spell: Shock
   805 | D:1      | Reached skill level 4 in Spellcasting
  1533 | D:2      | Found a faded altar of an unknown god.
  1881 | D:2      | Reached XP level 4. HP: 27/31 MP: 0/0
  2568 | D:3      | Reached XP level 5. HP: 30/35 MP: 0/0
  2568 | D:3      | Learned a level 2 spell: Wereblood
  2669 | D:3      | Noticed Grinder
  2675 | D:3      | Paralysed by Grinder for 3 turns
  2678 | D:3      | Killed Grinder
  2679 | D:3      | Reached skill level 5 in Spellcasting
  2679 | D:3      | Reached XP level 6. HP: 31/40 MP: 0/0
  3370 | D:3      | Reached skill level 6 in Spellcasting
  3544 | D:4      | Noticed Blork the orc
  3574 | D:4      | Noticed Dowan
  3574 | D:4      | Noticed an ogre
  3574 | D:4      | Noticed a water moccasin
  3633 | D:4      | Noticed Sigmund
  3640 | D:4      | Killed Sigmund
  3641 | D:4      | Reached XP level 7. HP: 16/45 MP: 0/0
  3641 | D:4      | Learned a level 3 spell: Portal Projectile
  3870 | D:4      | Killed Blork the orc
  4005 | D:4      | Noticed Duvessa
  4007 | D:4      | Reached skill level 7 in Spellcasting
  4009 | D:4      | Killed a water moccasin
  4010 | D:4      | Reached XP level 8. HP: 27/50 MP: 0/0
  4255 | D:4      | Noticed Robin
  4260 | D:4      | Killed Robin
  4721 | D:4      | Identified the +1 ring mail "Gisafil" {rC- Int+5 Dex+2
                  | Slay+3}
  5093 | D:4      | Killed Duvessa
  5271 | D:4      | Killed Dowan
  5272 | D:4      | Reached skill level 8 in Spellcasting
  5579 | D:4      | Found a broken altar of Ashenzari.
  5969 | D:4      | Found a blossoming altar of Fedhas.
  5969 | D:4      | Found a shadowy altar of Dithmenos.
  6074 | D:5      | Entered Level 5 of the Dungeon
  6382 | D:5      | Reached XP level 9. HP: 26/55 MP: 0/0
  6382 | D:5      | Learned a level 3 spell: Call Canine Familiar
  6685 | D:5      | Reached skill level 9 in Spellcasting
  7520 | D:6      | Found a basalt altar of Yredelemnul.
  7533 | D:6      | Found a snail-covered altar of Cheibriados.
  8003 | D:6      | Found a bloodstained altar of Trog.
  8148 | D:6      | Reached skill level 10 in Spellcasting
  8314 | D:6      | Found a glowing silver altar of Zin.
  8356 | D:6      | Found a staircase to the Ecumenical Temple.
  8361 | Temple   | Entered the Ecumenical Temple
  9093 | D:7      | Noticed Joseph
  9099 | D:7      | Shot with a sling bullet by Joseph

Illustrated notes

Levels and vault maps discovered:
D:1:      dpeg_arrival_subterranean_lakeside_camping, layout_loops_corners
D:2:      layout_loops_cross, ebering_ecumenical_altar_rust
D:3:      minmay_chambers_of_twos, layout_loops_ring, due_unseen_surprise,
          uniq_grinder
D:4:      layout_rooms, gammafunk_temple_overflow_elements,
          nicolae_ashenzari_panopticon, uniq_sigmund, uniq_duvessa,
          uniq_blork_the_orc, uniq_robin
D:5:      layout_gridville
D:6:      layout_basic, mainiacjoe_overflow_brackets, kennysheep_mini_moat,
          mainiacjoe_overflow_large_starburst, temple_doors_ab
D:7:      layout_rooms, mainiacjoe_overflow_boulevard, bloody_makhleb,
          gammafunk_ghost_nasty_kobolds, st_stairs_14, uniq_joseph
Temple:   minmay_temple_curvy_loop

Skill      XL: |  1  2  3  4  5  6  7  8  9 |
---------------+----------------------------+-----
Spellcasting   | 4 5 6 7 8 10 | 10.3
Dodging        | |  2.1
Stealth        | |  1.5

Action                   |  1- 3 |  4- 6 |  7- 9 || total
-------------------------+-------+-------+-------++-------
 Cast: Magic Dart        |    70 |    82 |   195 ||   347
       Searing Ray       |       |     4 |    16 ||    20
       Iskenderun's Myst |       |     1 |    42 ||    43
       Fulminant Prism   |       |       |     9 ||     9
Armor: Robe              |     2 |     2 |     6 ||    10
Dodge: Dodged            |     4 |    10 |    20 ||    34
